Map: 이페머론 - 래더

Players

LiquidTaeJa (TaeJa) - Winner!

  • Race: Terran Terran
  • League: Master
  • Spawn Location: 5:00

Cure

  • Race: Terran Terran
  • League: Master
  • Spawn Location: 11:00

Event: HomeStory Cup XX

VOD

Have the link to the VOD?

Description

Time

  • Played on: Nov. 21, 2019, 8:55 a.m.
  • Length: 17:17

All games in this series

Show
View Real Time Build Order
Export as new Build Order

LiquidTaeJa Terran - Winner!

Build Orders: 1/1/1 

Get SALT Encoding   

  12  0:00  SCV  
  13  0:12  SCV  
  14  0:17  Supply Depot  
  14  0:24  SCV  
  14  0:27  Refinery  
  15  0:38  SCV  
  16  0:44  Barracks  
  16  0:50  SCV  
  16  0:54  Refinery  
  17  1:03  SCV  
  18  1:15  SCV  
  19  1:30  Orbital Command  
  19  1:32  Factory  
  19  1:34  Barracks Reactor  
  19  1:43  Supply Depot  
  19  1:56  SCV  
  21  2:08  SCV  
  21  2:10  Reaper x2  
  23  2:16  Hellion  
  23  2:20  SCV  
  23  2:21  Starport  
  26  2:27  Supply Depot  
  26  2:32  SCV  
  27  2:38  Hellion  
  27  2:42  Marine x2  
  31  2:49  SCV  
  32  2:57  Medivac  
  34  3:00  Marine x2  
  34  3:05  Hellion  
  36  3:12  Supply Depot  
  36  3:20  SCV  
  37  3:29  Starport Tech Lab  
  37  3:33  Command Center  
  37  3:35  Factory Tech Lab  
  37  3:38  Marine  
  37  3:39  Marine  
  39  3:44  SCV  
  40  3:58  SCV  
  37  4:02  Raven  
  39  4:10  SCV  
  39  4:11  Cyclone  
  43  4:22  SCV  
  40  4:27  Marine x2  
  42  4:34  SCV  
  42  4:35  Refinery  
  43  4:44  Siege Tank  
  43  4:45  Marine x2, Raven  
  46  4:46  Orbital Command  
  46  4:47  SCV  
  51  4:59  SCV  
  52  5:02  Supply Depot  
  52  5:03  Marine x2  
  54  5:11  SCV x2  
  56  5:15  Supply Depot  
  56  5:16  Siege Tank  
  56  5:21  Marine x2  
  59  5:23  SCV  
  59  5:24  Supply Depot, SCV  
  63  5:35  SCV  
  63  5:36  SCV  
  65  5:47  SCV  
  65  5:48  SCV  
  67  5:51  Viking x2  
  67  5:52  Stimpack  
  67  5:53  Refinery, Marine, Siege Tank  
  75  6:00  Command Center  
  75  6:05  SCV x2  
  77  6:12  Supply Depot  
  77  6:15  Marine  
  78  6:19  SCV x2  
  78  6:21  Viking x2  
  78  6:23  Supply Depot  
  84  6:33  Siege Tank  
  84  6:34  SCV x2  
  84  6:37  Marine  
  88  6:48  SCV x2  
  89  6:55  Marine  
  89  6:59  Medivac x2  
  89  7:00  Barracks  
  94  7:01  Barracks  
  94  7:03  Engineering Bay  
  94  7:05  Engineering Bay, SCV x2  
  96  7:12  Orbital Command  
  96  7:13  Marine  
  96  7:14  Siege Tank  
  100  7:17  SCV x2  
  102  7:29  Sensor Tower, SCV x2  
  104  7:32  Marine  
  104  7:35  Combat Shield  
  104  7:36  Terran Infantry Weapons Level 1, Terran Infantry Armor Level 1  
  104  7:45  SCV x2  
  104  7:48  Barracks Reactor x2  
  104  7:50  Marine  
  107  7:51  SCV  
  107  7:55  Refinery  
  107  7:57  SCV x2  
  107  8:03  SCV  
  105  8:08  Marine  
  105  8:09  SCV x2  
  105  8:10  Siege Tank  
  109  8:15  SCV  
  109  8:16  Barracks  
  109  8:18  Refinery, Barracks  
  109  8:19  Supply Depot x3  
  110  8:21  SCV x2  
  110  8:25  Marine, Missile Turret  
  113  8:27  Marine, SCV  
  113  8:28  Marine x2, Missile Turret  
  117  8:40  Marine, Supply Depot, SCV x3  
  120  8:43  Medivac x2  
  121  8:49  Marine, Armory  
  121  8:50  Supply Depot  
  121  8:51  Siege Tank  
  121  8:52  SCV  
  121  8:55  Sensor Tower  
  126  8:57  Marine x2  
  126  8:59  Marine  
  129  9:08  Marine  
  129  9:09  Barracks Reactor x2  
  130  9:11  Command Center  
  130  9:16  Marine x2  
  132  9:17  Factory  
  132  9:21  Barracks Reactor  
  132  9:23  Supply Depot x2  
  132  9:24  Marine  
  132  9:25  Marine  
  132  9:29  Siege Tank  
  137  9:33  Marine  
  137  9:34  Marine  
  139  9:42  Terran Infantry Weapons Level 2, Marine, Terran Infantry Armor Level 2  
  139  9:43  Marine  
  139  9:45  Terran Vehicle Weapons Level 1  
  141  9:48  Marine x3  
  141  9:51  Marine  
  145  9:55  Supply Depot  
  145  9:59  Marine x3  
  145  10:00  Marine x2  
  145  10:01  Marine  
  145  10:03  Siege Tank  
  145  10:04  Siege Tank  
  145  10:06  Marine  
  157  10:08  Marine x2  
  157  10:09  Marine  
  157  10:14  Supply Depot x2  
  160  10:17  Marine x4  
  160  10:18  Marine  
  160  10:19  Marine  
  169  10:22  Viking x2  
  169  10:23  Marine  
  169  10:26  Marine x2  
  169  10:27  Marine, SCV x2  
  169  10:28  SCV  
  176  10:35  Marine  
  176  10:36  Marine x4  
  176  10:37  Marine  
  176  10:41  Marine, SCV x3  
  185  10:43  Marine  
  185  10:44  Siege Tank x2  
  190  10:50  Planetary Fortress  
  190  10:54  SCV x3  
  193  11:00  Marine  
  193  11:01  Marine x5  
  193  11:02  Marine  
  195  11:05  Marine, Viking  
  195  11:09  Viking  
  194  11:32  Marine  
  186  11:33  Marine x5  
  186  11:35  Viking  
  186  11:38  Viking  
  186  11:39  Marine x2  
  196  11:43  Marine, Siege Tank x2  
  196  11:45  Terran Vehicle Weapons Level 2  
  199  11:47  Starport x2  
  199  11:48  Command Center  
  199  11:58  Marine  
  200  12:02  Marine  
  200  12:03  Marine x2  
  200  12:11  Marine x2  
  175  12:16  Marine x3  
  175  12:19  Marine x2  
  175  12:21  Marine, Siege Tank  
  175  12:22  Siege Tank  
  176  12:24  Refinery  
  176  12:25  Refinery, Terran Infantry Weapons Level 3, Terran Infantry Armor Level 3  
  176  12:26  Marine x2  
  176  12:27  Starport Reactor  
  176  12:28  Starport Reactor, Command Center  
  178  12:37  Viking x2  
  178  12:44  Marine x4  
  163  12:45  Marine x6  
  169  13:02  Marine x4  
  169  13:05  Marine x2  
  160  13:06  Marine x4  
  160  13:08  Siege Tank  
  160  13:09  Siege Tank  
  141  13:14  Medivac x3  
  141  13:19  Marine  
  136  13:20  Marine x3  
  136  13:22  Marine x2  
  136  13:24  Marine x4  
  136  13:25  Sensor Tower  
  146  13:30  Medivac  
  146  13:31  Medivac, Viking  
  146  13:32  Fusion Core  
  152  13:37  Marine x2  
  152  13:38  SCV  
  152  13:39  SCV x2  
  157  13:45  Sensor Tower  
  157  13:49  Planetary Fortress  
  157  13:51  Marine x5  
  157  13:52  Marine  
  163  13:58  Siege Tank x2  
  163  14:02  Marine x2  
  171  14:04  Viking  
  171  14:09  Viking, Liberator x2  
  175  14:11  Viking  
  175  14:13  Terran Ship Weapons Level 1  
  175  14:16  Armory  
  177  14:22  Orbital Command  
  177  14:27  Marine  
  177  14:28  Marine x4  
  188  14:31  Viking  
  190  14:41  Siege Tank x2  
  191  14:50  Marine x2  
  191  14:51  Marine  
  174  14:55  Marine  
  174  14:58  Command Center  
  175  15:01  Marine x3  
  175  15:03  Liberator x2  
  176  15:13  Marine x2, Siege Tank  
  176  15:14  Marine  
  186  15:23  Viking  
  186  15:24  Viking x2  
  190  15:28  Marine  
  190  15:29  Marine x6  
  190  15:33  Command Center, Siege Tank  
  198  15:41  Viking  
  200  16:01  Marine x2  
  200  16:02  Command Center  
  199  16:08  Viking  
  199  16:09  Viking x4  
  185  16:19  Marine  
  185  16:20  Marine x2  
  185  16:24  Marine x2, Siege Tank x2  
  169  16:31  Marine  
  169  16:32  Marine x4  
  154  16:37  Marine x2, Orbital Command  
  154  16:38  Marine  
  150  16:42  Marine x2  
  150  16:43  Refinery  
  152  16:49  Marine x2  
  152  16:50  Marine  
  155  16:58  Marine x5  
  174  17:02  Refinery  
Show
View Real Time Build Order
Export as new Build Order

Cure Terran 

Build Orders:  

Get SALT Encoding   

  12  0:00  SCV  
  13  0:12  SCV  
  14  0:17  Supply Depot  
  14  0:24  SCV  
  14  0:27  Refinery  
  15  0:38  SCV  
  16  0:45  Barracks  
  16  0:50  SCV  
  16  0:54  Refinery  
  17  1:03  SCV  
  18  1:15  SCV  
  19  1:31  Orbital Command  
  19  1:33  Factory  
  19  1:35  Reaper  
  20  1:43  Supply Depot  
  20  1:57  SCV  
  21  2:07  Barracks Reactor  
  21  2:09  SCV  
  22  2:16  Widow Mine  
  22  2:21  SCV  
  25  2:28  Command Center  
  25  2:33  SCV  
  25  2:36  Supply Depot  
  26  2:42  Hellion  
  28  2:46  SCV  
  28  2:49  Marine x2  
  31  2:58  SCV  
  32  3:02  Starport  
  32  3:04  Factory Tech Lab  
  32  3:10  SCV  
  33  3:13  Marine  
  33  3:14  Marine  
  35  3:22  SCV  
  36  3:30  Factory Tech Lab  
  36  3:34  SCV  
  36  3:40  Orbital Command  
  37  3:44  Raven  
  37  3:46  SCV  
  37  3:48  Cyclone  
  43  3:52  Marine x2  
  43  3:58  SCV  
  37  4:09  SCV  
  37  4:10  Marine x2, SCV  
  38  4:21  SCV  
  38  4:23  SCV  
  39  4:24  Siege Tank  
  42  4:33  SCV  
  42  4:35  Starport Reactor, SCV  
  42  4:37  Marine, Stimpack  
  45  4:42  Barracks  
  45  4:46  SCV  
  45  4:47  SCV  
  45  4:51  Barracks  
  47  4:56  Marine  
  47  4:58  Supply Depot  
  48  5:00  SCV x2  
  48  5:05  Engineering Bay  
  50  5:12  SCV  
  50  5:13  SCV  
  52  5:14  Marine  
  52  5:20  Starport Reactor, Siege Tank  
  56  5:22  Supply Depot  
  56  5:25  SCV x2  
  56  5:27  Supply Depot  
  58  5:28  Marine  
  58  5:29  Marine  
  58  5:32  Marine  
  60  5:39  Terran Infantry Weapons Level 1, SCV x2  
  60  5:41  Refinery  
  62  5:44  Marine x2  
  62  5:46  Marine  
  62  5:47  Marine  
  66  5:50  Marine, Supply Depot  
  66  5:52  SCV x2  
  72  5:59  Refinery  
  72  6:02  Marine x2  
  74  6:04  Marine x2, Medivac  
  74  6:05  Medivac  
  74  6:08  Marine  
  78  6:11  Supply Depot  
  78  6:12  Supply Depot  
  78  6:18  Supply Depot, SCV x2  
  80  6:21  Marine x2  
  80  6:22  Marine x2, Combat Shield  
  84  6:26  Marine  
  85  6:33  Siege Tank  
  85  6:35  Supply Depot  
  85  6:39  Marine x2  
  90  6:40  Marine x2  
  90  6:44  Marine  
  93  6:50  Medivac x2  
  97  6:59  Marine x4  
  100  7:02  Marine  
  101  7:12  Siege Tank  
  103  7:15  Command Center  
  103  7:17  Supply Depot, SCV x2  
  105  7:23  Marine x5  
  105  7:28  Medivac x2  
  114  7:31  Supply Depot  
  114  7:32  SCV  
  114  7:33  SCV  
  116  7:43  Marine x5  
  121  7:44  SCV  
  121  7:45  SCV  
  121  7:49  Supply Depot  
  118  8:03  Terran Infantry Armor Level 1  
  110  8:06  SCV  
  110  8:07  Marine x2, SCV  
  110  8:08  Marine x3  
  117  8:13  Siege Tank  
  117  8:17  Barracks x2  
  117  8:18  Medivac x2  
  124  8:20  SCV  
  125  8:29  Orbital Command  
  125  8:30  SCV  
  125  8:32  SCV  
  127  8:35  Marine x4  
  127  8:36  Marine  
  132  8:42  SCV  
  132  8:44  SCV  
  134  8:53  Viking x2  
  134  8:54  SCV  
  139  8:56  SCV x2  
  141  9:04  Barracks Reactor  
  141  9:05  Barracks Reactor, Armory  
  141  9:06  Engineering Bay, SCV  
  141  9:08  SCV  
  143  9:11  Refinery x2  
  143  9:12  SCV  
  144  9:18  SCV  
  144  9:20  SCV  
  144  9:22  Sensor Tower  
  150  9:26  Viking x2  
  150  9:30  SCV x2  
  152  9:31  Factory  
  152  9:32  SCV  
  152  9:36  Barracks Reactor  
  153  9:38  Missile Turret  
  153  9:44  Command Center, SCV x3  
  156  9:51  Supply Depot x2  
  156  9:52  Terran Infantry Weapons Level 2  
  156  9:58  Terran Infantry Armor Level 2  
  156  10:01  SCV  
  157  10:08  Terran Vehicle Weapons Level 1  
  157  10:13  SCV x2  
  159  10:14  Supply Depot  
  159  10:15  Siege Tank  
  159  10:16  Viking, Supply Depot, Siege Tank  
  159  10:18  Viking  
  169  10:27  Sensor Tower  
  169  10:33  Marine x4  
  173  10:35  Marine x2  
  173  10:36  Marine x4  
  173  10:37  Supply Depot  
  179  10:46  Viking  
  179  10:48  Viking  
  182  10:51  Marine x4  
  182  10:54  Siege Tank  
  182  10:56  Siege Tank  
  192  11:09  SCV x3  
  195  11:11  Starport  
  195  11:13  Starport  
  191  11:22  Refinery  
  175  11:26  Sensor Tower  
  175  11:27  Refinery, Siege Tank  
  175  11:31  Marine x6  
  166  11:34  Viking x2  
  166  11:39  Marine x2  
  166  11:40  Marine x2  
  168  11:49  Marine x6  
  168  11:50  Siege Tank  
  177  11:54  Planetary Fortress  
  177  11:57  Marine x2  
  177  11:59  Marine x2  
  181  12:04  Siege Tank  
  181  12:06  Marine  
  181  12:07  Marine, Starport Reactor  
  181  12:08  Starport Reactor  
  186  12:12  Marine x2  
  157  12:18  Marine x2  
  157  12:19  Marine x4  
  151  12:23  Siege Tank  
  151  12:24  Marine x2  
  156  12:30  Marine x2, Terran Infantry Weapons Level 3  
  156  12:36  Marine, Terran Infantry Armor Level 3  
  159  12:44  Marine x4  
  146  12:47  Siege Tank  
  146  12:50  Viking  
  139  12:55  Viking x2  
  139  12:56  Viking  
  131  13:06  Marine x4  
  131  13:09  Marine x2  
  119  13:15  Marine x4  
  119  13:16  Medivac x2  
  119  13:18  Terran Vehicle Weapons Level 2  
  118  13:24  Marine x4  
  118  13:25  Liberator  
  118  13:26  Marine x2  
  122  13:27  Siege Tank  
  122  13:29  SCV  
  122  13:30  SCV  
  122  13:31  SCV  
  130  13:36  Medivac x2  
  130  13:41  Fusion Core  
  134  13:43  Medivac  
  134  13:45  Marine  
  134  13:47  Marine  
  141  13:55  Sensor Tower  
  141  13:58  Orbital Command  
  140  14:03  Viking x2  
  140  14:06  Viking x2  
  140  14:09  Marine x5  
  153  14:12  Refinery  
  153  14:14  Refinery, Sensor Tower  
  156  14:20  Viking  
  158  14:24  SCV  
  158  14:25  Viking, SCV x3  
  158  14:29  Advanced Ballistics  
  161  14:33  Viking  
  161  14:34  Viking  
  161  14:36  Marine x4  
  169  14:50  Viking x2  
  147  14:56  Viking  
  147  14:57  Viking  
  149  15:01  Marine x6  
  149  15:03  Viking, Liberator, Siege Tank  
  149  15:04  Viking  
  149  15:05  Marine x4  
  166  15:16  Liberator x2  
  166  15:19  Marine x6  
  172  15:24  Marine x4  
  182  15:38  Marine x6, Liberator  
  182  15:42  Marine x2  
  190  15:43  Siege Tank  
  193  15:52  Marine x2  
  193  15:56  Marine x2  
  198  16:01  Marine x2  
  198  16:02  Marine  
  198  16:04  Viking  
  200  16:09  Viking x2  
  180  16:18  Marine x4  
  180  16:22  Viking x2  
  148  16:31  Marine x2  
  148  16:32  Marine x4  
  136  16:34  Viking  
  127  16:42  Viking  
  127  16:44  Viking  
Tags
 
Add a new tag
Caveats
  • Supply blocks, unpowered buildings, or Contaminate may cause inaccurate times.
  • Supply counts are checked every 10 seconds.